 Dungeon Crawl Stone Soup version 0.28-a0-385-g79de503ca0 (webtiles) character file.

Game seed: 12356137680666778935

23992 Malachi the Carver (level 13, 0/94 HPs)
             Began as a Djinni Berserker on Sept 3, 2021.
             Was a Priest of Trog.
             Killed from afar by a purple draconian monk (43 damage)
             ... with a bolt of dispelling energy
             ... on level 1 of the Abyss.
             The game lasted 00:27:15 (15697 turns).

Malachi the Carver (Djinni Berserker)              Turns: 15697, Time: 00:27:16

Health: 0/94       AC: 16    Str: 19    XL:     13   Next: 39%
Gold:   716        EV: 22    Int: 13    God:    Trog [***...] SH:  0 Dex: 20

rFire   + + .      SeeInvis .   k - +7 great sword "Fuwel" {elec, Dex+7}
rCold   . . .      Faith    .   (shield currently unavailable)
rNeg    . . .      Spirit   .   F - +0 swamp dragon scales
rPois   ∞          Reflect  .   (no helmet)
rElec   .          Harm     .   o - +2 cloak {rCorr}
rCorr   +          Rampage  .   d - +1 pair of gloves
Will    +....                   (boots unavailable)
Stlth   ++........              i - amulet of the acrobat
HPRegen 0.25/turn               e - +4 ring of evasion
MPRegen 0.00/turn               n - ring of protection from cold

@: on berserk cooldown, flying, slowed, very slow
A: sickness immunity, fire resistance 2, cold vulnerability 1, float, innate
caster, hp casting, extra vitality 1, iridescent scales 1, sense surroundings 1,
strong 1, sturdy frame 1
a: Renounce Religion, Berserk, Trog's Hand


You were on level 1 of the Abyss.
You worshipped Trog.
Trog was most pleased with you.
You visited 2 branches of the dungeon, and saw 11 of its levels.
You visited the Abyss 1 time.
You also visited: Ossuary.

You collected 716 gold pieces.

Inventory:

Hand Weapons
 c - a +3 falchion of electrocution
 f - the +6 whip "Xoetwer" {vamp, Contam rF+ Str+3}
   (You found it on level 1 of the Lair of Beasts)

   It occasionally heals its wielder for a portion of the damage dealt when it
   wounds a living foe.
   Str:       It affects your strength (+3).
   rF:        It protects you from fire.
   Contam:    It causes magical contamination when unequipped.
 k - the +7 great sword "Fuwel" (weapon) {elec, Dex+7}
   (You acquired it on level 2 of the Lair of Beasts)

   It occasionally discharges a powerful burst of electricity upon striking a
   foe.
   Dex:       It affects your dexterity (+7).
 G - a +2 scimitar of flaming
Missiles
 E - 7 atropa-tipped darts (quivered)
Armour
 d - a +1 pair of gloves (worn)
 o - a +2 cloak of preservation (worn)
 F - +0 swamp dragon scales (worn)
Jewellery
 e - a +4 ring of evasion (left hand)
 i - an amulet of the acrobat (around neck)
 m - an amulet of faith
 n - a ring of protection from cold (right hand)
 t - a ring of willpower
 I - a ring of willpower
Wands
 b - a wand of polymorph (5)
 l - a wand of iceblast (18)
 v - a wand of paralysis (22)
 B - a wand of charming (7)
Scrolls
 a - a scroll of enchant weapon
 j - 3 scrolls of fear
 p - 2 scrolls of magic mapping
 q - 3 scrolls of teleportation
 s - a scroll of brand weapon
 y - 5 scrolls of fog
 D - 3 scrolls of enchant armour
Potions
 g - 2 potions of cancellation
 h - 3 potions of curing
 r - 2 potions of brilliance
 u - 2 potions of haste {unknown}
 w - 2 potions of heal wounds {unknown}
 z - 3 potions of berserk rage {unknown}
 A - 2 potions of flight {unknown}
 C - 2 potions of might {unknown}
 H - a potion of attraction {unknown}


   Skills:
 + Level 9.0 Fighting
 * Level 14.5 Long Blades
 + Level 6.3 Armour
 + Level 9.4 Dodging
 + Level 3.1 Stealth
 - Level 3.4 Spellcasting


You couldn't memorise any spells.
You knew the following spells:

 Your Spells              Type           Power      Damage    Failure   Level
a - Pain                  Necr           44%        1d6       7%          1
b - Corpse Rot            Necr/Air       N/A        N/A       10%         2
c - Mephitic Cloud        Conj/Pois/Air  11%        N/A       21%         3
d - Passage of Golubria   Tloc           N/A        N/A       54%         4
e - Iskenderun's Mystic   Conj/Tloc      11%        2d4       54%         4
f - Agony                 Necr           11%        N/A       88%         5
Your spell library was empty.

Dungeon Overview and Level Annotations

Branches:
Dungeon (8/15)             Temple (0/1) D:7            Lair (3/6) D:8
  Swamp (0/4) Lair:2       Spider (0/4) Lair:2      Ossuary (visited)

Altars:
Ashenzari
Dithmenos
Elyvilon
Makhleb
Sif Muna
Trog
Zin

Shops:
D:3 *   D:4 ?   D:8 (

Annotations:
D:8 Maurice
Lair:3 Sonja


Innate Abilities, Weirdness & Mutations

You are immune to sickness and miasma.
You are immune to poison.
Your flesh is very heat resistant. (rF++)
You are vulnerable to cold. (rC-)
You float through the air rather than walking.
You learn spells naturally, not from books.
Your magical power is your life essence.
You have superior vitality. (+4 HP)
You are partially covered in iridescent scales. (AC +2)
You passively map a small area around you.
Your muscles are strong. (Str +2)
Your movements are slightly less encumbered by armour. (ER -2)


Message History

The large abomination is almost destroyed.
You feel the effects of Trog's Hand fading.
The worldbinder hits you but does no damage.
The worldbinder hits you.
The large abomination barely misses you.
The worldbinder closely misses you. The worldbinder misses you.
A red film seems to cover your vision as you go berserk!
You feel yourself moving faster!
You feel mighty! The worldbinder misses you.
The worldbinder completely misses you.
The worldbinder hits you but does no damage.
The worldbinder barely misses you.
You are too injured to fight recklessly!
You slash the worldbinder!
Lightning courses through the worldbinder!
The worldbinder is severely damaged.
You slice the worldbinder!!
You destroy the worldbinder!
Trog accepts your kill.
The large abomination completely misses you.
You slash the large abomination!
You destroy the large abomination!
Trog accepts your kill.
Your skin stops crawling.
You feel less strong-willed.
You start resting.
You feel a strong urge to attack something.
You start resting.
You are no longer berserk.
You are exhausted.
You feel yourself slow down.
You start resting.
A purple draconian monk comes into view.
A purple draconian monk is nearby!
The purple draconian monk roars!
You hear a shout!
An ancient zyme comes into view.
You hit the purple draconian monk.
The purple draconian monk is lightly wounded.
The purple draconian monk breathes dispelling energy at you.
The bolt of dispelling energy hits you!!!
Your magical effects are unravelling.
You die...

# ...##.# .
.#.. .. #
#...x. ###.#.
## ##....##
.## #....####
# # #.....##.
. #.#q#.# ## .
.#@##q#.. .X.
#.#####.#####.
#. #.. # .
..#.. . . §##.
#. .. ## .. #


You could see a purple draconian monk (catching breath) and an ancient zyme.

Vanquished Creatures
  3 hydras
  A two-headed ogre (D:8)
  5 death yaks (Lair:1)
  A wretched star (Abyss:1)
  2 starcursed masses (Abyss:1)
  An oklob plant (Lair:1)
  A will-o-the-wisp (Lair:2)
  An ugly thing (D:7)
  A worldbinder (Abyss:1)
  A black mamba (Lair:1)
  2 centaur zombies
  5 cane toads
  Maggie (D:7)
  6 komodo dragons
  A jumping spider (Lair:2)
  4 blink frogs (Lair:3)
  A large abomination (Abyss:1)
  A small abomination (Abyss:1)
  A redback (Lair:2)
  A wyvern (Lair:2)
  33 yaks
  4 fire bats (D:8)
  2 wargs (D:8)
  An acid dragon (D:8)
  A hell hound (D:8)
  4 water moccasins
  An ice beast (D:5)
  A black bear (D:6)
  An ogre (D:5)
  2 orc warriors
  12 wolves
  A centaur (D:8)
  2 phantoms (D:4)
  A kobold brigand (D:7)
  8 bullfrogs
  A wyvern skeleton (D:5)
  A howler monkey (D:5)
  2 lava snakes (D:8)
  2 human zombies (Ossuary)
  A bullfrog zombie (D:6)
  4 orc priests
  Crazy Yiuf (D:3)
  4 jellies
  A bullfrog skeleton (D:5)
  6 iguanas
  8 orc wizards
  A killer bee zombie (D:7)
  4 mummies (Ossuary)
  14 adders
  11 gnolls
  A shadow imp (D:6)
  2 white imps
  An adder skeleton (D:4)
  A worm (D:2)
  12 dart slugs
  23 orcs
  7 bats
  8 endoplasms
  2 giant cockroaches
  2 gnoll zombies (Ossuary)
  11 goblins
  10 hobgoblins
  11 jackals
  8 kobolds
  5 quokkas
  2 ball pythons (D:2)
  A goblin zombie (Ossuary)
  A hobgoblin zombie (Ossuary)
  A kobold zombie (Ossuary)
  An orc zombie (Ossuary)
  6 rats
291 creatures vanquished.

Vanquished Creatures (others)
  3 fire vortices (D:8)
  7 fungi (Lair:2)
  9 plants
19 creatures vanquished.

Grand Total: 310 creatures vanquished

Notes
Turn   | Place    | Note
-------+----------+-------------------------------------------
     0 | D:1      | Malachi the Djinni Berserker began the quest for the Orb.
     0 | D:1      | Reached XP level 1. HP: 20/20 MP: 0/0
   263 | D:1      | Reached XP level 2. HP: 25/25 MP: 0/0
   973 | D:1      | Reached skill level 3 in Long Blades
   976 | D:1      | Reached XP level 3. HP: 30/30 MP: 0/0
   976 | D:1      | Learned a level 1 spell: Pain
  1728 | D:2      | Reached XP level 4. HP: 35/35 MP: 0/0
  2090 | D:3      | Reached ** piety under Trog
  2118 | D:3      | Found a runed translucent door.
  2119 | D:3      | Noticed Crazy Yiuf
  2153 | D:3      | Found Mussuu's General Store.
  2273 | D:3      | Found a faded altar of an unknown god.
  2273 | D:3      | Found a burning altar of Makhleb.
  2281 | D:3      | Found a glowing silver altar of Zin.
  2283 | D:3      | Found a faded altar of an unknown god.
  2751 | D:3      | Found a faded altar of an unknown god.
  3054 | D:3      | Killed Crazy Yiuf
  3055 | D:3      | Reached skill level 1 in Spellcasting
  3055 | D:3      | Reached XP level 5. HP: 40/40 MP: 0/0
  3055 | D:3      | Learned a level 2 spell: Corpse Rot
  3252 | D:4      | Noticed a phantom
  3266 | D:4      | Killed a phantom
  3267 | D:4      | Reached skill level 4 in Long Blades
  3267 | D:4      | Reached XP level 6. HP: 29/47 MP: 0/0
  3686 | D:4      | Found Nuuwon's Magic Scroll Emporium.
  3788 | D:4      | Reached XP level 7. HP: 51/51 MP: 0/0
  3788 | D:4      | Learned a level 3 spell: Mephitic Cloud
  3803 | D:4      | Reached skill level 5 in Long Blades
  4074 | D:4      | Found a broken altar of Ashenzari.
  4333 | D:5      | Entered Level 5 of the Dungeon
  4620 | D:5      | Found a white marble altar of Elyvilon.
  5161 | D:5      | Reached XP level 8. HP: 58/58 MP: 0/0
  5338 | D:5      | Reached skill level 6 in Long Blades
  5338 | D:5      | Reached skill level 5 in Dodging
  5714 | D:5      | Found a bloodstained altar of Trog.
  5767 | D:5      | Reached skill level 1 in Stealth
  6497 | D:6      | Found a sand-covered staircase.
  6501 | Ossuary  | Entered an ossuary
  7341 | Ossuary  | Gained mutation: You are occasionally teleported next to
                  | monsters. [potion of mutation]
  7341 | Ossuary  | Gained mutation: You expend health (3 HP) to strengthen
                  | your wands. [potion of mutation]
  7341 | Ossuary  | Gained mutation: Your spells are a little harder to cast,
                  | but a little more powerful. [potion of mutation]
  7342 | Ossuary  | Lost mutation: Your spells are a little harder to cast, but
                  | a little more powerful. [potion of mutation]
  7342 | Ossuary  | Lost mutation: You are occasionally teleported next to
                  | monsters. [potion of mutation]
  7342 | Ossuary  | Gained mutation: Your muscles are strong. (Str +2) [potion
                  | of mutation]
  7342 | Ossuary  | Gained mutation: You are somewhat resistant to further
                  | mutation. [potion of mutation]
  7343 | Ossuary  | Lost mutation: Your muscles are strong. (Str +2) [potion of
                  | mutation]
  7343 | Ossuary  | Lost mutation: You are somewhat resistant to further
                  | mutation. [potion of mutation]
  7343 | Ossuary  | Lost mutation: You expend health (3 HP) to strengthen your
                  | wands. [potion of mutation]
  7343 | Ossuary  | Gained mutation: Your muscles are strong. (Str +2) [potion
                  | of mutation]
  7343 | Ossuary  | Gained mutation: You passively map a small area around you.
                  | [potion of mutation]
  7344 | Ossuary  | Lost mutation: Your muscles are strong. (Str +2) [potion of
                  | mutation]
  7344 | Ossuary  | Gained mutation: Your movements are slightly less
                  | encumbered by armour. (ER -2) [potion of mutation]
  7344 | Ossuary  | Gained mutation: You are frail. (-10% HP) [potion of
                  | mutation]
  7345 | Ossuary  | Lost mutation: You are frail. (-10% HP) [potion of
                  | mutation]
  7345 | Ossuary  | Gained mutation: Your muscles are strong. (Str +2) [potion
                  | of mutation]
  7345 | Ossuary  | Gained mutation: You are partially covered in iridescent
                  | scales. (AC +2) [potion of mutation]
  7578 | D:6      | Reached skill level 5 in Fighting
  7578 | D:6      | Reached skill level 7 in Long Blades
  7578 | D:6      | Reached XP level 9. HP: 63/65 MP: 0/0
  7578 | D:6      | Learned a level 4 spell: Passage of Golubria
  8316 | D:7      | Reached * piety under Trog
  8413 | D:7      | Found a staircase to the Ecumenical Temple.
  8765 | D:7      | Reached skill level 8 in Long Blades
  9024 | D:7      | Found a white marble altar of Elyvilon.
  9026 | D:7      | Noticed Maggie
  9045 | D:7      | Killed Maggie
  9377 | D:7      | Noticed a red ugly thing
  9390 | D:7      | Killed a red ugly thing
  9391 | D:7      | Reached XP level 10. HP: 72/72 MP: 0/0
  9546 | D:8      | Found Tolauj's Antique Weapon Boutique.
  9899 | D:8      | Found a shadowy altar of Dithmenos.
  9917 | D:8      | Found a staircase to the Lair.
  9950 | D:8      | Reached skill level 9 in Long Blades
 10149 | D:8      | Noticed a two-headed ogre
 10157 | D:8      | Killed a two-headed ogre
 10344 | D:8      | Noticed Maurice
 11006 | D:8      | Reached skill level 10 in Long Blades
 11189 | D:8      | Reached skill level 5 in Armour
 11207 | D:8      | Reached XP level 11. HP: 60/79 MP: 0/0
 11207 | D:8      | Learned a level 4 spell: Iskenderun's Mystic Blast
 11742 | Lair:1   | Entered Level 1 of the Lair of Beasts
 11743 | Lair:1   | Identified the +6 whip "Xoetwer" {vamp, Contam rF+ Str+3}
 11745 | Lair:1   | Noticed a death yak
 11745 | Lair:1   | Noticed a death yak
 11745 | Lair:1   | Noticed a death yak
 11745 | Lair:1   | Noticed a death yak
 11749 | Lair:1   | Noticed a death yak
 11788 | Lair:1   | Killed a death yak
 11795 | Lair:1   | Killed a death yak
 11796 | Lair:1   | Reached skill level 11 in Long Blades
 11802 | Lair:1   | Killed a death yak
 11807 | Lair:1   | Killed a death yak
 11814 | Lair:1   | Killed a death yak
 12090 | D:8      | Reached skill level 12 in Long Blades
 12272 | D:8      | Reached XP level 12. HP: 56/86 MP: 0/0
 12766 | Lair:1   | Noticed a four-headed hydra
 12815 | Lair:1   | Killed a one-headed hydra
 13230 | Lair:2   | Noticed a five-headed hydra
 13238 | Lair:2   | Killed a one-headed hydra
 13301 | Lair:2   | Noticed a six-headed hydra
 13315 | Lair:2   | Killed a one-headed hydra
 13315 | Lair:2   | Reached *** piety under Trog
 13316 | Lair:2   | Reached skill level 13 in Long Blades
 13569 | Lair:2   | Found a staircase to the Swamp.
 14241 | Lair:2   | Found a hole to the Spider Nest.
 14389 | Lair:2   | Reached XP level 13. HP: 51/93 MP: 0/0
 14389 | Lair:2   | Learned a level 5 spell: Agony
 14916 | Lair:2   | Reached skill level 14 in Long Blades
 15430 | Lair:2   | Identified a scroll of acquirement
 15430 | Lair:2   | Acquired the +7 great sword "Fuwel" {elec, Dex+7}
 15453 | Lair:3   | Noticed Sonja
 15488 | Lair:3   | Cast into level 1 of the Abyss (Sonja)
 15616 | Abyss:1  | Noticed a starcursed mass
 15634 | Abyss:1  | Killed a starcursed mass
 15637 | Abyss:1  | Killed a starcursed mass
 15693 | Abyss:1  | Noticed a purple draconian monk
 15697 | Abyss:1  | Killed from afar by a purple draconian monk

Illustrated notes

Levels and vault maps discovered:
D:1:      elethiomel_arrival_infinity_welcomes_careful_drivers, layout_basic
D:2:      layout_loops_ring
D:3:      layout_basic, chequers_temple_overflow_minitemple,
          hellmonk_ecumenical_altar_crossroads, serial_shops,
          nicolae_shop_crystal, uniq_crazy_yiuf_cottage
D:4:      layout_loops_ring, ashenzari_altar_1, serial_shops, shop
D:5:      kennysheep_slugbush, layout_loops_corners,
          lemuel_coloured_pillars_altar, minmay_ruined_shrine
D:6:      layout_cave_pools, enter_ossuary_5, kennysheep_generic_room_5
D:7:      layout_cave_pods, mainiacjoe_overflow_catwalk,
          minmay_temple_entry_offerings, minmay_a_box_with_orc_wizards_in_it,
          uniq_maggie
D:8:      layout_basic, kennysheep_little_box, erik_lair_orcish_takeover,
          serial_shops, shop_coins, amcnicky_mini_corridor_feature,
          hangedman_abyss_or_decor_stagger, kennysheep_nondescript,
          hangedman_incinerator, uniq_maurice
Lair:1:   layout_cave_shapes, minmay_lair_oklob_items
Lair:2:   layout_loops_ring, minmay_swamp_entry_wisps, spider_nest_entry_a,
          serial_bayou_shore_b, grunt_megastairs_5
Lair:3:   layout_regular_city, serial_bayou, serial_bayou_pond_b,
          serial_bayou_ford_a, serial_bayou_pond_a, serial_bayou_pond_d,
          serial_bayou_crossing, serial_bayou_pond_e, uniq_sonja
Abyss:1:  base:
Temple

Skill      XL: |  1  2  3  4  5  6  7  8  9 10 11 12 13 |
---------------+----------------------------------------+-----
Long Blades    | 3 4 5 7 8 10 12 13 14 | 14.5
Dodging        | 3 4 5 6 7 8 9 |  9.4
Spellcasting   | 1 2 3 |  3.4
Fighting       | 4 5 7 8 9 |  9.0
Stealth        | 1 2 3 |  3.1
Armour         | 4 5 6 |  6.3

Action                   |  1- 3 |  4- 6 |  7- 9 | 10-12 | 13-15 || total
-------------------------+-------+-------+-------+-------+-------++-------
Melee: Falchion          |   136 |   200 |   526 |   180 |       ||  1042
       Scimitar          |       |       |    14 |   334 |    83 ||   431
       Great sword       |       |       |       |       |    48 ||    48
Invok: Berserk           |       |     4 |     9 |    11 |     3 ||    27
       Trog's Hand       |       |       |       |     2 |     3 ||     5
  Use: Potion            |       |       |     5 |       |       ||     5
       Scroll            |       |       |    11 |     4 |     1 ||    16
 Stab: Sleeping          |       |     1 |     3 |     1 |       ||     5
Armor: Animal skin       |    37 |    39 |    65 |       |       ||   141
       Chain mail        |       |       |   138 |       |       ||   138
       Swamp dragon scal |       |       |     6 |   127 |    24 ||   157
Dodge: Dodged            |   120 |   183 |   443 |   436 |   122 ||  1304

Table legend: (Time is in decaauts)
 A = Elapsed time spent in this place.
 B = Non-inter-level travel time spent in this place.
 C = Inter-level travel time spent in this place.
 D = Time resting spent in this place.
 E = Time spent auto-exploring this place.
 F = Levels seen in this place.
 G = Mean time per level.
                   A        B        C        D        E       F      G
               +--------+--------+--------+--------+--------+-----+--------+
         Total |  15821 |  15543 |    278 |   5477 |   7070 |  13 | 1217.0 |
       Dungeon |  11605 |  11349 |    256 |   3310 |   6057 |   8 | 1450.6 |
          Lair |   3092 |   3070 |     22 |   1504 |    924 |   3 | 1030.7 |
         Abyss |    226 |    226 |      0 |    128 |      0 |   1 |  226.0 |
       Ossuary |    897 |    897 |      0 |    535 |     89 |   1 |  897.0 |
               +--------+--------+--------+--------+--------+-----+--------+

Top non-repeatable levels by time:
     D:8: 2813 daAuts
     D:5: 2226 daAuts
  Lair:2: 2147 daAuts
     D:7: 1278 daAuts
     D:1: 1248 daAuts
     D:4: 1202 daAuts
     D:3: 1098 daAuts
 Ossuary: 897 daAuts
  Lair:1: 895 daAuts
     D:6: 876 daAuts
     D:2: 861 daAuts
 Abyss:1: 226 daAuts
  Lair:3: 48 daAuts
